 Dungeon Crawl Stone Soup version 0.17-a0-2208-ge5ab1d3 (webtiles) character file.

9949 Goblin1989 the Spear-Bearer (level 11, 108/108 HPs)
             Began as a Minotaur Gladiator on Oct 26, 2015.
             Was a Believer of Fedhas.
             Quit the game in a labyrinth on Oct 27, 2015.
             The game lasted 01:24:25 (10264 turns).

Goblin1989 the Spear-Bearer (Minotaur Gladiator)   Turns: 10264, Time: 01:24:25

Health: 108/108    AC: 15    Str: 25    XL:     11   Next: 29%
Magic:  10/10      EV: 16    Int:  5    God:    Fedhas [**....]
Gold:   510        SH:  0    Dex: 19    Spells: 0 memorised, 10 levels left

rFire  . . .     SeeInvis .     B - +7 trident "Lathraose" {pierce, Str+7 Dex+5}
rCold  . . .     Clarity  +     y - +1 ring mail {MR+}
rNeg   . . .     SustAt   .     (no shield)
rPois  .         Gourm    .     (helmet unavailable)
rElec  .         Spirit   .     E - +0 cloak
rCorr  .         Warding  .     v - +0 pair of gloves
rMut   .         Stasis   .     (no boots)
MR     +....                    (no amulet)
Stlth  +.........               d - +5 ring of protection
                                k - +3 ring of slaying

@: somewhat resistant to hostile enchantments, very unstealthy
A: retaliatory headbutt, horns 3, blink, clarity, weak 1
a: Blink, Evolution, Sunlight, Renounce Religion


You were in a labyrinth.
You worshipped Fedhas.
Fedhas was pleased with you.
You were hungry.

You visited 3 branches of the dungeon, and saw 12 of its levels.
You also visited: Labyrinth.

You collected 510 gold pieces.

Inventory:

Hand Weapons
 B - the +7 trident "Lathraose" (weapon) {pierce, Str+7 Dex+5}
   (You found it on level 5 of the Dungeon)

   It inflicts extra damage upon your enemies.
   It affects your strength (+7).
   It affects your dexterity (+5).
Missiles
 o - 45 poisoned needles
 r - 7 tomahawks (quivered)
 u - 4 javelins
 F - 4 throwing nets
Armour
 v - a +0 pair of gloves (worn)
 y - a +1 ring mail of magic resistance (worn)
 E - a +0 cloak (worn)
Jewellery
 d - a +5 ring of protection (right hand)
 k - a +3 ring of slaying (left hand)
 H - an uncursed ring of ice
Wands
 m - a wand of frost (32)
 G - a wand of magic darts (48)
Scrolls
 b - a scroll of remove curse
 i - 2 scrolls of enchant weapon
 j - a scroll of fear
 p - 2 scrolls of recharging
 q - 4 scrolls of identify
Potions
 h - 2 potions of cancellation
 l - 2 potions of brilliance
 s - 2 potions of invisibility
 t - a potion of agility
 w - 3 potions of heal wounds
 x - 3 potions of curing
 C - a potion of might
 I - a potion of flight
Miscellaneous
 n - a phantom mirror
Comestibles
 a - a beef jerky
 e - 4 bread rations
 f - 9 fruits
 g - 5 meat rations
 A - a slice of pizza


   Skills:
 - Level 13.7 Fighting
 - Level 14.0 Polearms
 + Level 4.2 Throwing
 * Level 6.4 Armour
 * Level 6.8 Dodging


You had 10 spell levels left.
You didn't know any spells.

Dungeon Overview and Level Annotations

Branches:
Dungeon (8/15)             Temple (1/1) D:6            Lair (3/8) D:8
  Swamp: Lair:3-6    Shoals: Lair:3-6     Snake: Lair:3-6    Spider: Lair:3-6

Altars:
Ashenzari
Cheibriados
Dithmenos
Elyvilon
Fedhas
Gozag
Kikubaaqudgha
Makhleb
Nemelex Xobeh
Okawaru
Qazlal
Ru
Sif Muna
Trog
Vehumet
Xom
Yredelemnul
Zin
The Shining One

Annotations:
D:7 1 exclusion


Innate Abilities, Weirdness & Mutations

You reflexively headbutt those who attack you in melee.
You have a pair of large horns on your head.
You can translocate small distances at will.
You possess an exceptional clarity of mind.
You are weak. (Str -2)


Message History

Where to? (Enter - Lair:3 @ (x,y), ? - help)
There is a labyrinth entrance here.
Beware, the minotaur awaits!
The world spins around you as you enter the gateway.
As you enter the labyrinth, previously moving walls settle noisily into place.
You hear the metallic echo of a distant snort before it fades into the rock.
The floor suddenly vibrates beneath you!
The floor suddenly vibrates beneath you!
Read which item? (? for menu, Esc to quit)
Okay, then.
You are feeling hungry.
Save game and exit? [Y]es or [N]o only, please.
Save game and exit? [Y]es or [N]o only, please.
Save game and exit?
Welcome back, Goblin1989 the Minotaur Gladiator.
Fedhas says: Spread life and death.
Press ? for a list of commands and other information.
Quiver which item? (- for none, * to show all) (? for menu, Esc to quit)
Okay, then.
Are you sure you want to abandon this character and quit the game? (Confirm with "yes".)

▓▓ ▓▓ ▓▓▓▓
▓.......#.#
▓.## .###.#
▓.#...#...#
▓ ##.#.#.#
▓...#..@#.#
▓##.#####.#
▓...#.#...#
. .# #.###
# .#. ...#
. . .#.#.
.#.#. . #
.## # ## .#
#.# #


There were no monsters in sight!

Vanquished Creatures
  A hydra (Lair:2)
  Erica (Lair:2)
  Urug (Lair:3)
  Nergalle (Lair:2)
  A griffon (Lair:2)
  2 spiny frogs
  A komodo dragon (Lair:2)
  A boulder beetle (Lair:2)
  8 yaks
  3 hippogriffs
  Eustachio (D:5)
  Menkaure (D:4)
  3 water moccasins
  Duvessa (D:7)
  3 porcupines
  An orc warrior (D:6)
  A sky beast (D:5)
  A necrophage (D:6)
  A black bear (D:6)
  A centaur (D:6)
  An ogre (D:6)
  An ice beast (D:7)
  2 crocodiles (Lair:1)
  5 giant frogs
  Dowan (D:7)
  A water moccasin zombie (D:5)
  2 scorpions
  A centaur zombie (D:6)
  A giant frog zombie (D:5)
  A hound (D:5)
  3 orc priests
  3 crimson imps
  9 orc wizards
  2 giant frog skeletons (D:4)
  A centaur skeleton (D:5)
  2 iguanas
  3 worker ants (D:4)
  6 sheep (Lair:1)
  8 river rats (Lair:2)
  12 adders
  4 gnolls (D:4)
  A shadow imp (D:5)
  An ooze (D:1)
  6 worms
  4 giant geckos
  14 orcs
  5 bats
  3 giant cockroaches
  10 goblins
  4 hobgoblins
  16 jackals
  20 kobolds
  4 quokkas
  3 ball pythons
  A ball python skeleton (D:4)
  4 giant newts
  A quokka skeleton (D:5)
  3 rats
203 creatures vanquished.

Vanquished Creatures (collateral kills)
  A fire drake (Lair:1)
  2 yaks (Lair:2)
  An ogre (D:7)
  A giant frog (Lair:2)
  An electric eel (Lair:1)
  An iguana (Lair:2)
  2 sheep (Lair:1)
9 creatures vanquished.

Vanquished Creatures (others)
  An oklob plant (Lair:1)
  2 wandering mushrooms
  3 fungi
  4 plants
  85 toadstools
95 creatures vanquished.

Grand Total: 307 creatures vanquished

Notes
Turn   | Place    | Note
--------------------------------------------------------------
     0 | D:1      | Goblin1989 the Minotaur Gladiator began the quest for the Orb.
     0 | D:1      | Reached XP level 1. HP: 18/18 MP: 0/0
    66 | D:1      | Reached skill level 4 in Polearms
   174 | D:1      | Reached XP level 2. HP: 16/25 MP: 1/1
   772 | D:2      | Found a faded altar to an unknown god.
   783 | D:2      | Reached skill level 5 in Polearms
   791 | D:2      | Reached XP level 3. HP: 30/30 MP: 2/2
  1068 | D:2      | Reached skill level 6 in Polearms
  1068 | D:2      | Reached XP level 4. HP: 37/37 MP: 3/3
  1638 | D:3      | Reached skill level 7 in Polearms
  1638 | D:3      | Reached XP level 5. HP: 42/42 MP: 4/4
  1673 | D:3      | Found a stormy altar of Qazlal.
  1807 | D:3      | Found a basalt altar of Yredelemnul.
  1807 | D:3      | Found a snail-covered altar of Cheibriados.
  1807 | D:3      | Found a deep blue altar of Sif Muna.
  2372 | D:4      | Noticed Eustachio
  2373 | D:4      | Reached skill level 8 in Polearms
  2386 | D:4      | Reached XP level 6. HP: 22/50 MP: 5/5
  2934 | D:4      | Noticed Menkaure
  3426 | D:4      | HP: 2/50 [Menkaure (13)]
  3427 | D:4      | Killed Menkaure
  3427 | D:4      | Reached skill level 9 in Polearms
  3825 | D:4      | Reached XP level 7. HP: 56/56 MP: 6/6
  3864 | D:4      | Found an iron altar of Okawaru.
  3864 | D:4      | Found a shattered altar of Ashenzari.
  3993 | D:5      | Entered Level 5 of the Dungeon
  4085 | D:5      | Reached skill level 10 in Polearms
  4165 | D:5      | Killed Eustachio
  4193 | D:5      | Reached skill level 11 in Polearms
  4199 | D:5      | Gained mutation: You can translocate small distances at will. [mutagenic meat]
  4425 | D:5      | Got a warped trident
  4426 | D:5      | Identified the +7 trident "Lathraose" {pierce, Str+7 Dex+5} (You found it on level 5 of the Dungeon)
  4710 | D:5      | Reached skill level 13 in Fighting
  4710 | D:5      | Reached XP level 8. HP: 25/88 MP: 7/7
  5062 | D:6      | Reached XP level 9. HP: 91/94 MP: 8/8
  5207 | D:6      | Found a staircase to the Ecumenical Temple.
  5219 | Temple   | Entered the Ecumenical Temple
  5224 | Temple   | Became a worshipper of Fedhas Madash
  5894 | D:7      | Reached * piety under Fedhas
  6112 | D:7      | Found Hionemuck's Antique Armour Shop.
  6690 | D:7      | Noticed Duvessa
  6690 | D:7      | Noticed Dowan
  6703 | D:7      | Killed Duvessa
  6704 | D:7      | Killed Dowan
  7028 | D:8      | Found a shimmering altar of Xom.
  7121 | D:8      | Gained mutation: You are weak. (Str -2) [potion of mutation]
  7121 | D:8      | Gained mutation: You have a pair of large horns on your head. [potion of mutation]
  7121 | D:8      | Gained mutation: You possess an exceptional clarity of mind. [potion of mutation]
  7160 | D:8      | Found a staircase to the Lair.
  7166 | Lair:1   | Entered Level 1 of the Lair of Beasts
  7310 | Lair:1   | Noticed a spiny frog
  7325 | Lair:1   | Killed a spiny frog
  7339 | Lair:1   | Reached XP level 10. HP: 79/102 MP: 9/9
  7572 | Lair:1   | Reached skill level 14 in Polearms
  7735 | Lair:1   | Reached skill level 1 in Armour
  7880 | Lair:2   | Noticed a seven-headed hydra
  8307 | Lair:2   | Noticed Nergalle
  8318 | Lair:2   | Killed Nergalle
  8600 | Lair:2   | Killed a seven-headed hydra
  8845 | Lair:2   | Reached skill level 5 in Dodging
  9024 | Lair:2   | Noticed a griffon
  9029 | Lair:2   | Killed a griffon
  9062 | Lair:2   | Noticed Erica
  9067 | Lair:2   | Killed Erica
  9067 | Lair:2   | Reached skill level 5 in Armour
  9067 | Lair:2   | Reached XP level 11. HP: 108/108 MP: 10/10
  9070 | Lair:2   | Reached ** piety under Fedhas
  9451 | Lair:3   | Found a labyrinth entrance.
  9739 | Lair:3   | Noticed Urug
  9756 | Lair:3   | Killed Urug
  9893 | Lab      | Entered a labyrinth
 10264 | Lab      | Quit the game

Vault maps used:
D:1:      dpeg_arrival_orchard
D:2:      first_bread, ecumenical_altar_1, kennysheep_generic_room_6
D:3:      lemuel_coloured_pillars_altar, gammafunk_temple_overflow_forgotten,
          minmay_goblin_kobold_house
D:4:      gammafunk_temple_overflow_elements, uniq_eustachio, uniq_menkaure
D:6:      minmay_temple_entry_butterflies, st_stairs_14
D:7:      serial_shops, nicolae_shop_behind_doors, grunt_ogre_cave,
          kennysheep_another_room, uniq_duvessa
D:8:      lemuel_castle_with_subvaults, lemuel_doored_altar, lair_0_dummy
Temple:   minmay_freezing_vapour_temple_12
Lair:1:   minivault_24, serial_bayou_shore_b, lemuel_fruit_fields,
          serial_bayou_shore_a
Lair:2:   serial_bayou_pond_c, uniq_nergalle, uniq_erica
Lair:3:   lab_entry_generic, serial_forest, infiniplex_forest_pool,
          infiniplex_forest_clump_long, infiniplex_forest_clump_small,
          infiniplex_forest_end_2, infiniplex_forest_straight_2,
          infiniplex_forest_zigzag_2, infiniplex_forest_clump_medium,
          infiniplex_forest_clump_large, infiniplex_forest_side_room,
          lemuel_fruit_tree, uniq_urug
Lab:      nicolae_lab_dead_adventurers, nicolae_lab_garden, nicolae_lab_blocks,
          nicolae_lab_hexagon, labyrinth_fake_exit, nicolae_lab_grate_2,
          labyrinth_skeletal_remains, nicolae_lab_big_swirl,
          labyrinth_lava_lair, lab_block, nicolae_lab_quarters,
          nicolae_lab_flowing_pool

Action                   |  1- 3 |  4- 6 |  7- 9 | 10-12 || total
-------------------------+-------+-------+-------+-------++-------
Melee: Trident           |    94 |   200 |   142 |   131 ||   567
Throw: Tomahawk          |       |       |     5 |     1 ||     6
       Throwing net      |       |       |     1 |     1 ||     2
Invok: Evolution         |       |       |     1 |     5 ||     6
 Abil: Blink             |       |       |     1 |       ||     1
  Use: Potion            |       |       |     7 |       ||     7
       Scroll            |       |       |    16 |     5 ||    21
 Stab: Held in net/web   |       |       |     1 |       ||     1
       Confused          |       |       |       |     2 ||     2
       Distracted        |       |       |       |     1 ||     1
       Sleeping          |       |       |       |     1 ||     1
  Eat: Chunk             |       |     3 |     4 |       ||     7
       Bread ration      |       |     2 |     1 |     2 ||     5
       Fruit             |       |       |     1 |       ||     1
